 Dungeon Crawl Stone Soup version 0.31-a0-636-ge1c0e020e0 (webtiles) character file.

Game seed: 9059707120176169013

189 rvierbuc the Covered (level 5, -1/39 HPs)
             Began as a Demonspawn Wanderer on Aug 27, 2023.
             Killed by nerve-wracking pain
             ... invoked by Grinder
              (8 damage)
             ... on level 3 of the Dungeon.
             The game lasted 00:09:05 (2855 turns).

rvierbuc the Covered (Demonspawn Wanderer)          Turns: 2855, Time: 00:09:05

Health: -1/39      AC: 21    Str: 15    XL:     5   Next: 40%
Magic:  5/5        EV:  4    Int: 10    God:
Gold:   193        SH:  5    Dex: 15    Spells: 3/4 levels left

rFire   . . .        o - +2 dagger (protect)
rCold   . . .        e - +0 buckler {AC+3}
rNeg    . . .        n - +0 plate armour
rPois   .            (helmet restricted)
rElec   .            (no cloak)
rCorr   .            (no gloves)
SInv    .            (no boots)
Will    .....        j - amulet of magic regeneration Stlth
                     (no ring)
HPRegen 0.26/turn    (no ring)
MPRegen 0.49/turn

%: no passive effects
@: under a protective aura
A: antennae 1, ignite blood 1
a: no special abilities


You were on level 3 of the Dungeon.
You visited 1 branch of the dungeon, and saw 3 of its levels.

You collected 193 gold pieces.

Inventory:

Hand Weapons
 a - a +0 dagger
 o - a +2 dagger of protection (weapon)
Armour
 c - a +0 scale mail
 e - a +0 buckler of protection (worn)
 n - a +0 plate armour (worn)
Jewellery
 j - an amulet of magic regeneration (around neck)
Talismans
 k - a flux talisman
Scrolls
 d - 2 scrolls of fear
 g - a scroll of teleportation {unknown}
 i - 5 scrolls of identify {unknown}
 l - a scroll of noise {unknown}
 m - 2 scrolls of blinking {unknown}
 p - a scroll of immolation {unknown}
 s - a scroll of silence {unknown}
Potions
 b - 2 potions of attraction
 f - a potion of might {unknown}
 h - 2 potions of magic {unknown}
 q - a potion of heal wounds {unknown}
 t - a potion of curing {unknown}


   Skills:
 + Level 2.7 Fighting
 + Level 1.6 Throwing
 + Level 4.0 Armour
 + Level 0.5 Dodging
 + Level 1.0 Stealth
 + Level 3.7 Shields
 + Level 1.0 Evocations


You had 3 spell levels left.
You knew the following spells:

 Your Spells              Type           Power      Damage    Failure   Level
a - Kiss of Death         Conj/Necr      0%         2d5       100%        1

Your spell library contained the following spells:

 Spells                   Type           Power      Damage    Failure   Level
 Necrotise                Necr           0%         1d4       100%        1
 Dispel Undead            Necr           0%         3d6       100%        4
 Agony                    Necr           0%         N/A       100%        5


Dungeon Overview and Level Annotations

Branches:
Dungeon (3/15)

Altars:

Annotations:
D:3 Grinder


Innate Abilities, Weirdness & Mutations

You have a pair of small antennae on your head.
Your demonic aura sometimes causes spilled blood to erupt in flames.


Message History

You resist with significant effort.
You closely miss Grinder.
Grinder is moderately wounded.
Grinder hits you but does no damage.
You hit Grinder but do no damage.
Your weapon exudes an aura of protection.
Grinder is moderately wounded.
Grinder gestures at you.
You suddenly lose the ability to move!
Grinder hits you. Grinder hits you but does no damage.
Grinder hits you but does no damage.
You can move again.
You closely miss Grinder.
Grinder is moderately wounded.
Grinder hits you.
You hit Grinder but do no damage.
Your weapon exudes an aura of protection.
Grinder is moderately wounded.
You block Grinder's attack.
You hit Grinder.
Grinder is moderately wounded.
Grinder hits you but does no damage.
You hit Grinder.
Grinder is heavily wounded.
Grinder hits you!
* * * LOW HITPOINT WARNING * * *
You completely miss Grinder.
Grinder is heavily wounded.
Grinder gestures at you. You resist with significant effort.
You hit Grinder.
Grinder is heavily wounded.
Grinder hits you but does no damage.
You hit Grinder but do no damage.
Grinder is heavily wounded.
Grinder gestures at you. Pain shoots through your body!
You die...
Grinder says, "Now the real fun starts!"

..####.#.##
.##.......# #.#
###.##.#..# #.#
###.##.#..# #.#
..........# #(#
.##.##.##.# #(#
..........# #.#
###.......# #5#
####.##.######@#
#.##........#
#.###########
#...# ###.# ####
#.# ...# #.#
##.# #.# #.# #.#


You could see Grinder.

Vanquished Creatures
  A scorpion (D:3)
  5 adders
  A dart slug (D:3)
  8 orcs (D:3)
  4 bats
  6 endoplasms
  3 giant cockroaches
  7 goblins
  8 hobgoblins
  7 jackals
  A quokka (D:2)
  7 ball pythons
  2 frilled lizards (D:1)
  6 kobolds
  6 rats
72 creatures vanquished.

Notes
Turn   | Place    | Note
-------+----------+-------------------------------------------
     0 | D:1      | rvierbuc the Demonspawn Wanderer began the quest for the
                  | Orb.
     0 | D:1      | rvierbuc set off with the following items: a +0 dagger, a
                  | potion of attraction, a +0 scale mail, a scroll of fear, a
                  | +0 buckler of protection.
     0 | D:1      | Reached XP level 1. HP: 16/16 MP: 1/1
    43 | D:1      | Found a faded altar of an unknown god.
   132 | D:1      | Gained mutation: You have a pair of small antennae on your
                  | head. [demonic ancestry]
   132 | D:1      | Reached XP level 2. HP: 21/22 MP: 2/2
   219 | D:1      | Reached skill level 3 in Armour
   665 | D:1      | Reached XP level 3. HP: 27/27 MP: 3/3
  1471 | D:2      | Got the Book of Unholy Words
  1659 | D:3      | Learned a level 1 spell: Kiss of Death
  1711 | D:2      | Reached XP level 4. HP: 13/34 MP: 4/4
  2056 | D:3      | Noticed a scorpion
  2070 | D:3      | Killed a scorpion
  2071 | D:3      | Reached skill level 1 in Throwing
  2071 | D:3      | Reached skill level 4 in Armour
  2071 | D:3      | Gained mutation: Your demonic aura sometimes causes spilled
                  | blood to erupt in flames. [demonic ancestry]
  2071 | D:3      | Reached XP level 5. HP: 16/39 MP: 5/5
  2821 | D:3      | Noticed Grinder
  2836 | D:3      | Paralysed by Grinder for 5 turns
  2845 | D:3      | Paralysed by Grinder for 4 turns
  2855 | D:3      | Killed from afar by Grinder

Illustrated notes

Levels and vault maps discovered:
D:1:      ncdulo_halloftheorcs, layout_loops_ring,
          dreamdust_ecumenical_altar_statues, serial_glass, glass_columns_a,
          glass_columns_c, due_unseen_surprise
D:2:      layout_basic, kennysheep_donut
D:3:      layout_loops_ring, nicolae_half_adder, uniq_grinder

Skill      XL: |  1  2  3  4 |
---------------+-------------+-----
Shields        | 3 |  3.7
Armour         | 3 4 |  4.0
Throwing       | 1 |  1.6
Fighting       | |  2.7
Dodging        | |  0.5
Stealth        | |  1.0
Evocations     | |  1.0

Action                     |  1- 3 |  4- 6 || total
---------------------------+-------+-------++-------
  Melee: Dagger            |   282 |   133 ||   415
  Throw: Javelin           |    12 |     3 ||    15
 Armour: Scale mail        |    66 |       ||    66
         Plate armour      |   130 |   119 ||   249
  Dodge: Dodged            |   102 |    26 ||   128
  Block: Buckler           |    75 |    21 ||    96

Table legend: (Time is in decaauts)
 A = Elapsed time spent in this place.
 B = Non-inter-level travel time spent in this place.
 C = Inter-level travel time spent in this place.
 D = Time resting spent in this place.
 E = Time spent auto-exploring this place.
 F = Levels seen in this place.
 G = Mean time per level.
                   A        B        C        D        E       F      G
               +--------+--------+--------+--------+--------+-----+--------+
         Total |   2880 |   2789 |     91 |    329 |   1713 |   3 |  960.0 |
       Dungeon |   2880 |   2789 |     91 |    329 |   1713 |   3 |  960.0 |
               +--------+--------+--------+--------+--------+-----+--------+

Top non-repeatable levels by time:
     D:2: 1048 daAuts
     D:3: 997 daAuts
     D:1: 834 daAuts
